 Dungeon Sprint DCSS version 0.28-a0-1510-gd0f6b136d3 (webtiles) character file.

Game seed: 6938836088131207631

2449 mhtbhm the Cleaver (level 9, -9/89 HPs)
             Began as a Minotaur Fighter on Jan 15, 2022.
             Was the Champion of Qazlal.
             Mangled by a phantasmal warrior (25 damage)
             ... in the Dungeon (Sprint VII: "The Pits").
             The game lasted 00:01:47 (1346 turns).

mhtbhm the Cleaver (Minotaur Fighter)               Turns: 1346, Time: 00:01:48

Health: -9/89      AC: 19    Str: 25    XL:     9   Next: 25%
Magic:  14/14      EV: 11    Int:  5    God:    Qazlal [******]
Gold:   0          SH: 15    Dex: 13    Spells: 8/8 levels left

rFire   . . .      SeeInvis .   a - +1 broad axe (vorpal)
rCold   . . .      Faith    .   c - +0 buckler
rNeg    . . .      Spirit   .   b - +4 scale mail
rPois   .          Reflect  .   (helmet restricted)
rElec   .          Harm     .   (no cloak)
rCorr   .          Rampage  .   q - +0 pair of gloves
Will    .....      NoTele   +   r - +0 pair of boots
Stlth   ..........              (no amulet)
HPRegen 0.24/turn               n - +3 ring of protection
MPRegen 0.14/turn               o - +3 ring of dexterity

@: repel missiles
A: horns 2, retaliatory headbutt
a: Renounce Religion, Upheaval, Elemental Force, Disaster Area


You were in the Dungeon.
You worshipped Qazlal.
Qazlal was exalted by your worship.
You visited 1 branch

Inventory:

Hand Weapons
 a - a +1 vorpal broad axe (weapon)
Armour
 b - a +4 scale mail (worn)
 c - a +0 buckler (worn)
 q - a +0 pair of gloves (worn)
 r - a +0 pair of boots (worn)
Jewellery
 n - a +3 ring of protection (left hand)
 o - a +3 ring of dexterity (right hand)
Scrolls
 j - a scroll of blinking
 l - 5 scrolls of amnesia
 m - a scroll of summoning
Potions
 d - a potion of might
 e - 5 potions of curing
 f - 12 potions of heal wounds
 g - 2 potions of haste
 h - 4 potions of magic
 i - 5 potions of berserk rage
 k - 2 potions of invisibility
 p - 2 potions of brilliance


   Skills:
 + Level 11.4 Fighting
 + Level 13.4 Axes
 + Level 11.8 Armour
 + Level 2.6 Dodging
 + Level 2.1 Stealth
 + Level 11.0 Shields
 * Level 8.8 Invocations


You had 8 spell levels left.
You didn't know any spells.
Your spell library was empty.

Dungeon Overview and Level Annotations

Branches:
Dungeon (1/1)

Altars:
Ashenzari
Cheibriados
Dithmenos
Elyvilon
Fedhas
Gozag
Hepliaklqana
Kikubaaqudgha
Makhleb
Nemelex Xobeh
Okawaru
Qazlal
Ru
Sif Muna
Trog
Uskayaw
Vehumet
Wu Jian
Xom
Yredelemnul
Zin
The Shining One
Beogh
Jiyva
Lugonu


Innate Abilities, Weirdness & Mutations

You have a pair of horns on your head.
You reflexively headbutt those who attack you in melee.


Message History

No target in view!
No target in view!
No target in view!
No target in view!
No target in view!
No target in view!
You start resting.
HP restored.
A phantasmal warrior comes into view.
The phantasmal warrior gestures at you.
The phantasmal warrior blinks!
You hit the phantasmal warrior.
You headbutt the phantasmal warrior, but do no damage.
The phantasmal warrior is lightly damaged.
The phantasmal warrior hits you!!
You hit the phantasmal warrior. You headbutt the phantasmal warrior!
The phantasmal warrior is lightly damaged.
The phantasmal warrior hits you!
You slash the phantasmal warrior!
The phantasmal warrior is heavily damaged.
The phantasmal warrior hits you!!
You are too injured to fight recklessly!
You are too injured to fight recklessly!
You are too injured to fight recklessly!
You are too injured to fight recklessly!
You are too injured to fight recklessly!
You are too injured to fight recklessly!
You are too injured to fight recklessly!
You are too injured to fight recklessly!
You are too injured to fight recklessly!
You are too injured to fight recklessly!
You are too injured to fight recklessly!
You hit the phantasmal warrior.
The phantasmal warrior is severely damaged.
The phantasmal warrior hits you!
* * * LOW HITPOINT WARNING * * *
You hit the phantasmal warrior but do no damage.
The phantasmal warrior is severely damaged.
The phantasmal warrior hits you!!
You die...

#++###### #.§......
#W°○..... #@°# #..#
#○.# ####### #..#
..##..# #..#
..##..# #..#
..''..# #..#
..''..##########..#
..##..........†...#


You could see a phantasmal warrior.

Vanquished Creatures
  An anaconda (D)
  A deep elf pyromancer (D)
  A cane toad (D)
  A jumping spider (D)
  Menkaure (D)
  6 wolves (D)
  2 phantoms (D)
  A scorpion (D)
  A crimson imp (D)
  2 quasits (D)
  3 mummies (D)
  A gnoll (D)
  2 river rats (D)
  An ufetubus (D)
  3 endoplasms (D)
  A goblin (D)
  A ball python skeleton (D)
  3 frilled lizards (D)
  A kobold (D)
  A rat (D)
34 creatures vanquished.

Notes
Turn   | Place    | Note
-------+----------+-------------------------------------------
     0 | D        | mhtbhm the Minotaur Fighter began the quest for the Orb.
     0 | D        | Reached XP level 1. HP: 19/19 MP: 0/0
    24 | D        | Found a bloodstained altar of Trog.
    24 | D        | Found a shimmering blue altar of Sif Muna.
    24 | D        | Found a viscous altar of Jiyva.
    24 | D        | Found a hazy altar of Hepliaklqana.
    24 | D        | Found an opulent altar of Gozag.
    25 | D        | Found a glowing golden altar of the Shining One.
    25 | D        | Found a glowing silver altar of Zin.
    25 | D        | Found a basalt altar of Yredelemnul.
    25 | D        | Found a shimmering altar of Xom.
    25 | D        | Found an ornate altar of the Wu Jian Council.
    25 | D        | Found a sacrificial altar of Ru.
    25 | D        | Found a stormy altar of Qazlal.
    25 | D        | Found an iron altar of Okawaru.
    25 | D        | Found a sparkling altar of Nemelex Xobeh.
    25 | D        | Found a burning altar of Makhleb.
    25 | D        | Found a blossoming altar of Fedhas.
    25 | D        | Found a white marble altar of Elyvilon.
    25 | D        | Found a shadowy altar of Dithmenos.
    25 | D        | Found a snail-covered altar of Cheibriados.
    27 | D        | Found a radiant altar of Vehumet.
    27 | D        | Found a corrupted altar of Lugonu.
    28 | D        | Found a hide-covered altar of Uskayaw.
    28 | D        | Found an ancient bone altar of Kikubaaqudgha.
    28 | D        | Found a broken altar of Ashenzari.
    32 | D        | Became a worshipper of Qazlal Stormbringer
   165 | D        | Reached * piety under Qazlal
   166 | D        | Reached XP level 2. HP: 24/28 MP: 1/1
   169 | D        | Reached skill level 3 in Axes
   270 | D        | Noticed a scorpion
   278 | D        | Killed a scorpion
   278 | D        | Reached ** piety under Qazlal
   279 | D        | Reached skill level 4 in Axes
   279 | D        | Reached XP level 3. HP: 29/37 MP: 2/2
   279 | D        | Reached XP level 4. HP: 34/44 MP: 3/3
   518 | D        | Reached skill level 5 in Axes
   518 | D        | Reached skill level 1 in Invocations
   521 | D        | Noticed a phantom
   529 | D        | Reached *** piety under Qazlal
   537 | D        | Killed a phantom
   538 | D        | Reached skill level 6 in Axes
   538 | D        | Reached XP level 5. HP: 49/52 MP: 3/6
   541 | D        | Reached skill level 7 in Axes
   542 | D        | Reached **** piety under Qazlal
   600 | D        | Noticed a deep elf pyromancer
   606 | D        | Killed a deep elf pyromancer
   607 | D        | Reached skill level 10 in Axes
   607 | D        | Reached skill level 1 in Dodging
   607 | D        | Reached skill level 1 in Stealth
   607 | D        | Reached XP level 6. HP: 31/64 MP: 6/9
   607 | D        | Reached XP level 7. HP: 34/70 MP: 6/10
   776 | D        | Noticed Menkaure
   781 | D        | Killed Menkaure
   791 | D        | Reached ***** piety under Qazlal
   795 | D        | Reached skill level 10 in Armour
   803 | D        | Noticed a jumping spider
   821 | D        | Killed a jumping spider
   822 | D        | Reached skill level 10 in Fighting
   822 | D        | Reached skill level 11 in Axes
   822 | D        | Reached XP level 8. HP: 72/79 MP: 10/12
   952 | D        | Noticed a cane toad
   959 | D        | Killed a cane toad
   960 | D        | Reached skill level 10 in Shields
  1026 | D        | Noticed an anaconda
  1030 | D        | Reached ****** piety under Qazlal
  1031 | D        | Reached skill level 12 in Axes
  1042 | D        | Killed an anaconda
  1043 | D        | Reached skill level 13 in Axes
  1043 | D        | Reached XP level 9. HP: 18/89 MP: 14/14
  1341 | D        | Noticed a phantasmal warrior
  1346 | D        | Mangled by a phantasmal warrior

Illustrated notes

Levels and vault maps discovered:
D:        pitsprint [storerooms_1, entrance_room_1, metal_vault_6, armoury_3,
          mini_pit_1, grid_room_1, main_hall_1, silver_pit, the_coven_1,
          the_vestibule_1, steel_vault_1, golden_pit, hallway_of_sentries,
          crystal_vault_6, iron_vault_4, final_vault]

Skill      XL: |  1  2  3  4  5  6  7  8 |
---------------+-------------------------+-----
Fighting       | 4 6 7 9 10 11 | 11.4
Armour         | 4 6 7 9 10 11 | 11.8
Shields        | 4 6 7 9 11 | 11.0
Axes           | 4 6 10 11 13 | 13.4
Invocations    | 2 6 8 |  8.8
Dodging        | 1 2 |  2.6
Stealth        | 1 2 |  2.1

Action                   |  1- 3 |  4- 6 |  7- 9 || total
-------------------------+-------+-------+-------++-------
Melee: Hand axe          |    15 |    31 |    28 ||    74
       Headbutt          |     4 |     6 |    11 ||    21
       War axe           |     1 |       |       ||     1
       Broad axe         |       |       |    28 ||    28
  Use: Potion            |     1 |       |       ||     1
Armor: Scale mail        |     3 |     1 |    13 ||    17
       Chain mail        |       |     6 |    12 ||    18
Dodge: Dodged            |    10 |     7 |     8 ||    25
Block: Buckler           |     7 |     7 |    32 ||    46

Table legend: (Time is in decaauts)
 A = Elapsed time spent in this place.
 B = Non-inter-level travel time spent in this place.
 C = Inter-level travel time spent in this place.
 D = Time resting spent in this place.
 E = Time spent auto-exploring this place.
 F = Levels seen in this place.
 G = Mean time per level.
                   A        B        C        D        E       F      G
               +--------+--------+--------+--------+--------+-----+--------+
         Total |   1343 |   1343 |      0 |    720 |    186 |   1 | 1343.0 |
       Dungeon |   1343 |   1343 |      0 |    720 |    186 |   1 | 1343.0 |
               +--------+--------+--------+--------+--------+-----+--------+

Top non-repeatable levels by time:
       D: 1343 daAuts
